 Seeded DCSS version 0.28.0-53-g5a82cb258f (webtiles) character file.

Game seed: 91835 (custom seed)

162 xaos the Slasher (level 5, -10/39 HPs)
             Began as a Merfolk Gladiator on May 31, 2022.
             Was a Follower of Kikubaaqudgha.
             Mangled by an ogre
             ... wielding a +0 giant club
              (29 damage)
             ... on level 4 of the Dungeon on June 1, 2022.
             The game lasted 00:17:17 (6013 turns).

xaos the Slasher (Merfolk Gladiator)                Turns: 6013, Time: 00:17:18

Health: -10/39     AC:  7    Str: 14    XL:     5   Next: 43%
Magic:  5/5        EV: 12    Int: 10    God:    Kikubaaqudgha [*.....]
Gold:   89         SH:  0    Dex: 15    Spells: 1/4 levels left

rFire   + . .      SeeInvis .   a - +0 long sword
rCold   . . .      Faith    .   (no shield)
rNeg    . . .      Spirit   .   j - +0 ring mail
rPois   .          Reflect  .   c - +0 helmet
rElec   .          Harm     .   l - +0 cloak
rCorr   .          Rampage  .   (no gloves)
Will    .....                   (no boots)
Stlth   +.........              (no amulet)
HPRegen 0.13/turn               f - ring of protection from fire
MPRegen 0.09/turn               (no ring)

@: no status effects
A: (nimble swimmer 2), mertail
a: Renounce Religion, Receive Corpses


You were on level 4 of the Dungeon.
You worshipped Kikubaaqudgha.
Kikubaaqudgha was aware of your devotion.
You visited 1 branch of the dungeon, and saw 4 of its levels.

You collected 89 gold pieces.

Inventory:

Hand Weapons
 a - a +0 long sword (weapon)
Missiles
 d - a throwing net (quivered)
Armour
 b - a +0 leather armour
 c - a +0 helmet (worn)
 j - a +0 ring mail (worn)
 l - a +0 cloak (worn)
Jewellery
 f - a ring of protection from fire (left hand)
Scrolls
 e - a scroll of magic mapping
 i - a scroll of identify {unknown}
 n - a scroll of amnesia {unknown}
 o - a scroll of blinking {unknown}
Potions
 g - 2 potions of curing {unknown}
 h - a potion of degeneration {unknown}
 k - a potion of heal wounds {unknown}
 m - a potion of attraction {unknown}


   Skills:
 + Level 2.5 Fighting
 + Level 5.2 Long Blades
 + Level 2.1 Throwing
 + Level 1.5 Armour
 + Level 4.6 Dodging
 + Level 0.6 Stealth
 + Level 0.1 Necromancy


You had one spell level left.
You knew the following spells:

 Your Spells              Type           Power      Damage    Failure   Level
a - Animate Skeleton      Necr           0%         N/A       58%         1
b - Corpse Rot            Necr/Air       0%         N/A       75%         2

Your spell library contained the following spells:

 Spells                   Type           Power      Damage    Failure   Level
 Sublimation of Blood     Necr           0%         N/A       75%         2
 Agony                    Necr           0%         N/A       100%        5


Dungeon Overview and Level Annotations

Branches:
Dungeon (4/15)
 Temple: D:4-7

Altars:
Fedhas
Kikubaaqudgha


Innate Abilities, Weirdness & Mutations

((You are very nimble when in or above water. (Stealth+, EV+, Speed+++)))
Your lower body shifts to a powerful aquatic tail in water.


Message History

Something tries to affect you, but you resist.
You barely miss something. Something hits you.
You hit something but do no damage. Something hits you but does no damage.
You miss something. Something hits you.
You hit something. Something barely misses you.
You completely miss something.
Something hits you but does no damage. x2
You barely miss something. Something barely misses you.
You closely miss something. Something hits you but does no damage.
You hit something.
You hear some strange, mumbled words.
A magic dart appears from out of thin air!
The magic dart hits you.
You hit something but do no damage. Something hits you.
You closely miss something. Something hits you.
You hit something. Kikubaaqudgha accepts your kill.
Reactivating autopickup.
You feel a bit more experienced.
Items here: ))) [.
You start resting.
HP restored.
You start waiting.
Done waiting.
As you open the door, it creaks loudly!
There is an open door here.
d - a throwing net An ogre comes into view.
It is wielding a +0 giant club.
The ogre closely misses you.
You hit the ogre.
The ogre is lightly wounded.
You barely miss the ogre.
The ogre is lightly wounded.
The ogre hits you with a +0 giant club!!
Ouch! That really hurt!
You barely miss the ogre.
The ogre is lightly wounded.
The ogre hits you with a +0 giant club!!
Ouch! That really hurt!
You die...
Kikubaaqudgha rasps: "You have failed me!
Welcome... death!"

#.##........
#.#.......#
###.#.......#
#...........#
#...........#
#...........#
#####.......#
#####.O.....#
#....@..#########
#.......##.....(#
#.......##......#
#.......##......#
#.......##......#
#.......##......#
#...............##
##
#................#
#.
######'#.......(.#
#.


You could see an ogre.

Vanquished Creatures
  An orc priest (D:4)
  An orc wizard (D:4)
  A killer bee zombie (D:3)
  2 adders (D:2)
  A worm (D:2)
  3 dart slugs
  4 orcs
  5 ball pythons
  4 endoplasms
  3 giant cockroaches
  3 goblins
  5 hobgoblins
  5 quokkas
  7 bats
  5 frilled lizards
  5 kobolds
  4 rats
59 creatures vanquished.

Vanquished Creatures (others)
  A ball python (D:1)
  5 plants (D:1)
6 creatures vanquished.

Grand Total: 65 creatures vanquished

Notes
Turn   | Place    | Note
-------+----------+-------------------------------------------
     0 | D:1      | xaos the Merfolk Gladiator began the quest for the Orb.
     0 | D:1      | Reached XP level 1. HP: 16/16 MP: 1/1
   106 | D:1      | Reached XP level 2. HP: 13/22 MP: 2/2
   646 | D:1      | Found a faded altar of an unknown god.
   655 | D:1      | Reached skill level 4 in Long Blades
   657 | D:1      | Prayed at the altar of an unknown god.
   657 | D:1      | Became a worshipper of Kikubaaqudgha
   657 | D:1      | Reached * piety under Kikubaaqudgha
   657 | D:1      | Received a gift from Kikubaaqudgha
   929 | D:1      | Reached XP level 3. HP: 27/27 MP: 3/3
  2381 | D:2      | Reached XP level 4. HP: 31/34 MP: 4/4
  3444 | D:3      | Reached skill level 1 in Armour
  3579 | D:3      | Learned a level 1 spell: Animate Skeleton
  3584 | D:3      | Learned a level 2 spell: Corpse Rot
  3616 | D:3      | Found a blossoming altar of Fedhas.
  4044 | D:3      | Reached skill level 5 in Long Blades
  5335 | D:4      | Reached XP level 5. HP: 32/39 MP: 5/5
  6007 | D:4      | Noticed an ogre
  6013 | D:4      | Mangled by an ogre

Illustrated notes

Levels and vault maps discovered:
D:1:      matt_arrival_grand_opening, layout_loops_ring, basic_ecumenical_altar,
          minmay_misc_feat_diagonals, serial_bayou_ford_a, due_unseen_surprise
D:2:      layout_basic
D:3:      layout_loops_corners, mainiacjoe_overflow_surrounded_room
D:4:      layout_basic, lemuel_temple_firewalk_a, serial_shops,
          nicolae_shop_hallway_plus

Skill      XL: |  1  2  3  4 |
---------------+-------------+-----
Long Blades    | 4 5 |  5.2
Armour         | 1 |  1.5
Fighting       | |  2.5
Throwing       | |  2.1
Dodging        | |  4.6
Stealth        | |  0.6
Necromancy     | |  0.1

Action                   |  1- 3 |  4- 6 || total
-------------------------+-------+-------++-------
Melee: Long sword        |   126 |    85 ||   211
       Tailslap          |     1 |       ||     1
Throw: Throwing net      |       |     6 ||     6
Invok: Receive Corpses   |     2 |       ||     2
  Use: Scroll            |       |     1 ||     1
 Stab: Sleeping          |     2 |       ||     2
Armor: Leather armour    |    18 |       ||    18
       Ring mail         |    19 |    35 ||    54
Dodge: Dodged            |    89 |    60 ||   149
